Map: Pillars of Gold LE

Players

Arctur

  • Race: Terran Terran
  • Spawn Location: 7:00

soul - Winner!

  • Race: Terran Terran
  • League: Master
  • Spawn Location: 1:00

Event: DreamHack SC2 Masters 2020 Winter

VOD

Have the link to the VOD?

Description

Time

  • Played on: Oct. 14, 2020, 2:05 p.m.
  • Length: 8:37

All games in this series

Show
View Real Time Build Order
Export as new Build Order

Arctur Terran 

Build Orders:  

Get SALT Encoding   

  12  0:00  SCV  
  13  0:12  SCV  
  14  0:17  Supply Depot  
  14  0:24  SCV  
  15  0:28  Refinery  
  15  0:39  SCV  
  16  0:46  Barracks  
  16  0:51  SCV  
  16  0:56  Refinery  
  17  1:03  SCV  
  18  1:15  SCV  
  19  1:32  Reaper, Orbital Command  
  20  1:40  Factory  
  20  1:50  Supply Depot  
  20  1:58  SCV  
  21  2:04  Reaper  
  22  2:10  SCV  
  23  2:22  SCV  
  24  2:24  Hellion  
  26  2:34  SCV  
  27  2:40  Command Center  
  26  2:46  Barracks Reactor  
  26  2:49  SCV, Starport  
  26  2:53  Factory Tech Lab  
  26  3:02  SCV  
  26  3:04  Supply Depot  
  27  3:14  Siege Tank  
  27  3:17  SCV  
  31  3:22  Marine  
  31  3:25  Marine  
  32  3:30  Medivac  
  34  3:34  SCV  
  34  3:40  Marine  
  34  3:43  Marine  
  35  3:49  SCV  
  35  3:50  Supply Depot  
  35  3:53  Siege Tank  
  39  4:12  Viking, SCV, Marine x2  
  44  4:21  Orbital Command  
  44  4:25  Refinery  
  44  4:31  SCV  
  44  4:35  Siege Tank  
  48  4:44  SCV  
  49  4:48  SCV  
  50  4:53  Viking  
  50  4:55  Viking  
  50  4:56  SCV  
  53  5:03  SCV  
  53  5:08  SCV  
  51  5:15  SCV  
  51  5:20  SCV  
  47  5:27  SCV  
  43  5:32  Viking, SCV  
  41  5:39  SCV  
  41  5:41  Viking  
  44  5:45  SCV  
  44  5:48  Siege Tank  
  48  5:51  SCV  
  49  6:02  Viking  
  49  6:04  SCV x2  
  52  6:07  Marine  
  51  6:16  SCV x2  
  51  6:22  Siege Tank  
  53  6:28  SCV  
  54  6:34  Viking  
  54  6:35  SCV  
  57  6:41  Viking  
  59  6:51  SCV  
  53  6:54  Siege Tank  
  56  7:10  Liberator  
  56  7:11  Viking  
  56  7:12  SCV  
  62  7:16  Supply Depot  
  62  7:30  Barracks Tech Lab  
  62  7:38  SCV x2, Supply Depot, Siege Tank  
  62  7:42  Viking  
  69  7:50  SCV  
  70  8:00  Viking, SCV, Marine  
  70  8:02  SCV  
  78  8:21  Supply Depot, Barracks  
  78  8:22  Barracks  
Show
View Real Time Build Order
Export as new Build Order

soul Terran - Winner!

Build Orders: Gas First Reaper Expand 

Get SALT Encoding   

  12  0:00  SCV  
  13  0:12  SCV  
  14  0:17  Supply Depot  
  14  0:24  SCV  
  15  0:29  Refinery  
  15  0:39  SCV  
  16  0:45  Barracks  
  16  0:51  SCV  
  17  1:03  SCV  
  18  1:15  SCV  
  19  1:32  Reaper, Orbital Command  
  20  1:45  Command Center  
  20  1:55  Factory  
  20  1:59  SCV  
  21  2:06  Barracks Reactor  
  21  2:10  Supply Depot  
  21  2:14  SCV  
  22  2:20  Refinery  
  22  2:26  SCV  
  23  2:38  SCV  
  24  2:44  Starport  
  24  2:49  Hellion x2  
  24  2:50  SCV  
  29  2:57  Orbital Command  
  29  3:00  Barracks Tech Lab  
  29  3:03  SCV  
  30  3:17  Refinery  
  31  3:20  Viking  
  32  3:28  Siege Tank  
  32  3:31  SCV  
  32  3:32  Marine  
  32  3:33  Marine  
  38  3:37  SCV  
  38  3:43  SCV  
  38  3:45  Supply Depot  
  39  3:49  SCV  
  39  3:53  Starport Tech Lab  
  41  3:55  SCV  
  41  3:58  Marine  
  41  4:02  SCV, Supply Depot, Bunker  
  43  4:09  SCV  
  44  4:12  Raven  
  44  4:14  SCV  
  47  4:21  SCV, Cyclone  
  51  4:26  SCV  
  51  4:27  Supply Depot  
  51  4:31  Marine  
  53  4:33  SCV  
  54  4:38  SCV  
  54  4:43  Supply Depot  
  55  4:46  SCV  
  55  4:49  Marine  
  55  4:50  SCV  
  58  4:53  Siege Tank  
  58  4:57  Raven  
  58  4:58  SCV, Supply Depot  
  64  5:02  SCV  
  65  5:10  SCV  
  65  5:14  SCV  
  49  5:22  SCV, Marine  
  49  5:25  Marine, Siege Tank  
  49  5:27  SCV  
  50  5:34  SCV  
  51  5:39  SCV  
  53  5:46  SCV  
  53  5:51  SCV  
  53  5:54  Viking x2  
  58  5:58  SCV  
  58  5:59  Siege Tank  
  58  6:03  SCV  
  63  6:05  Marine  
  63  6:10  SCV  
  65  6:15  SCV  
  65  6:16  Supply Depot  
  66  6:22  SCV  
  66  6:23  Marine  
  68  6:27  SCV  
  68  6:31  Siege Tank  
  70  6:34  SCV  
  70  6:37  Viking  
  70  6:38  Viking  
  70  6:39  SCV  
  76  6:40  Marine  
  76  6:47  SCV  
  77  6:51  SCV  
  76  6:57  Command Center, Refinery  
  76  6:58  Marine  
  76  6:59  SCV  
  72  7:03  SCV  
  72  7:04  Siege Tank  
  74  7:11  SCV  
  73  7:15  SCV  
  73  7:16  Marine  
  75  7:23  SCV  
  75  7:24  Viking  
  75  7:26  Viking  
  75  7:28  SCV, Command Center  
  81  7:34  Marine  
  81  7:35  SCV  
  83  7:41  SCV  
  84  7:45  Barracks  
  84  7:46  Barracks  
  84  7:49  Siege Tank  
  87  7:51  SCV  
  87  7:52  Marine  
  87  7:55  SCV  
  90  7:58  Viking  
  90  8:02  Viking  
  94  8:07  Supply Depot  
  94  8:09  SCV  
  94  8:13  Supply Depot  
Tags
 
Add a new tag
Caveats
  • Supply blocks, unpowered buildings, or Contaminate may cause inaccurate times.
  • Supply counts are checked every 10 seconds.